 Dungeon Crawl Stone Soup version 0.29.1-12-g30fa7ad0bf (webtiles) character file.

Game seed: 2781372725644751715

235 Oxelix the Chopper (level 5, -1/39 (48) HPs)
             Began as a Minotaur Fighter on Jan 11, 2023.
             Slain by Edmund
             ... wielding a +4 flail of draining
              (9 damage)
             ... on level 4 of the Dungeon.
             The game lasted 00:04:25 (3443 turns).

Oxelix the Chopper (Minotaur Fighter)               Turns: 3443, Time: 00:04:25

HP:   -1/39 (48)    AC: 11    Str: 23    XL:     5   Next: 76%
MP:   4/4           EV:  6    Int:  5    God:
Gold: 158           SH:  4    Dex:  9    Spells: 4/4 levels left

rFire   . . .      SeeInvis .   a - +0 war axe
rCold   + . .      Faith    .   c - +0 buckler
rNeg    . . .      Spirit   .   s - +0 plate armour
rPois   .          Reflect  .   (helmet restricted)
rElec   .          Harm     .   (no cloak)
rCorr   .          Rampage  .   (no gloves)
Will    .....                   (no boots)
Stlth   ..........              (no amulet)
HPRegen 0.13/turn               e - ring of protection from cold
MPRegen 0.09/turn               (no ring)

@: mighty, heavily drained
A: horns 2, retaliatory headbutt
a: no special abilities


You were on level 4 of the Dungeon.
You visited 1 branch of the dungeon, and saw 4 of its levels.

You collected 186 gold pieces.
You spent 28 gold pieces at shops.

Inventory:

Hand Weapons
 a - a +0 war axe (weapon)
 n - a +0 trident of freezing
Armour
 c - a +0 buckler (worn)
 s - a +0 plate armour (worn)
Jewellery
 e - a ring of protection from cold (left hand)
Scrolls
 g - 3 scrolls of teleportation {unknown}
 h - 2 scrolls of fog {unknown}
 i - 3 scrolls of identify
 j - a scroll of immolation {unknown}
 o - a scroll of enchant weapon {unknown}
 q - 5 scrolls of noise {unknown}
 r - a scroll of amnesia {unknown}
 t - a scroll of poison {unknown}
Potions
 b - a potion of heal wounds {unknown}
 f - a potion of flight {unknown}
 k - 3 potions of lignification {unknown}
 l - a potion of ambrosia {unknown}
 m - 3 potions of curing {unknown}
 p - a potion of cancellation {unknown}


   Skills:
 + Level 5.3 Fighting
 * Level 6.2 Axes
 - Level 3.6 Armour
 - Level 3.6 Shields


You had 4 spell levels left.
You didn't know any spells.
Your spell library was empty.

Dungeon Overview and Level Annotations

Branches:
Dungeon (4/15)
 Temple: D:4-7

Altars:

Shops:
D:2 ?

Annotations:
D:3 3 runed translucent doors, Oxelix's ghost, amateur DEFE
D:4 Edmund


Innate Abilities, Weirdness & Mutations

You have a pair of horns on your head.
You reflexively headbutt those who attack you in melee.


Message History

You kill the jackal!
Edmund the Younger comes into view.
He is wielding a +4 flail of draining.
Edmund shouts!
You see here a jackal corpse.
You hit Edmund but do no damage.
Edmund hits you with a +4 flail of draining.
You feel drained.
You slash Edmund! Your headbutt misses Edmund.
Edmund is moderately wounded.
Edmund hits you with a +4 flail of draining.
You feel drained.
You hit Edmund.
Edmund is heavily wounded.
Edmund hits you with a +4 flail of draining.
You feel drained.
You barely miss Edmund.
Edmund is heavily wounded.
You block Edmund's attack.
Edmund hits you with a +4 flail of draining!
You feel drained.
You slash Edmund!
Edmund is heavily wounded.
You block Edmund's attack.
You feel very mighty all of a sudden.
Edmund hits you with a +4 flail of draining!
You feel drained.
* * * LOW HITPOINT WARNING * * *
You completely miss Edmund.
Edmund is heavily wounded.
You block Edmund's attack.
You hit Edmund but do no damage. Your headbutt misses Edmund.
Edmund is heavily wounded.
Edmund hits you with a +4 flail of draining.
* * * LOW HITPOINT WARNING * * *
You feel drained.
* * * LOW HITPOINT WARNING * * *
You slash Edmund! Your headbutt misses Edmund.
Edmund is almost dead.
Edmund hits you with a +4 flail of draining!
You die...

## ...## ## ..#.
.. .# ...# .#.##
. #.. .... ...
##.###.## #
#...#..)#...#.#
#...#.†.#.#.####.
#.@@#..).......
##.###.<†...##
#.. #...###...$
...#...#.# #.
......#...#
........###.#
....... #.#
###.## #.# #.#


You could see Edmund.

Vanquished Creatures
  A gnoll bouda (D:3)
  A hound (D:3)
  Ijyb (D:3)
  An orc wizard (D:3)
  3 gnolls
  3 adders (D:2)
  2 worms (D:2)
  A dart slug (D:2)
  4 orcs (D:3)
  7 ball pythons
  5 endoplasms
  A giant cockroach (D:1)
  7 hobgoblins
  3 jackals (D:4)
  6 kobolds
  4 quokkas
  3 bats
  4 frilled lizards
  3 goblins
  5 rats
65 creatures vanquished.

Notes
Turn   | Place    | Note
-------+----------+-------------------------------------------
     0 | D:1      | Oxelix the Minotaur Fighter began the quest for the Orb.
     0 | D:1      | Reached XP level 1. HP: 19/19 MP: 0/0
   113 | D:1      | Reached skill level 3 in Axes
   114 | D:1      | Reached XP level 2. HP: 23/27 MP: 1/1
   887 | D:2      | Reached XP level 3. HP: 33/33 MP: 2/2
   903 | D:2      | Found Oluiwept's Magic Scroll Boutique.
   920 | D:2      | Bought a scroll of identify for 28 gold pieces
  1195 | D:2      | Found a faded altar of an unknown god.
  1223 | D:2      | Reached skill level 4 in Axes
  1698 | D:2      | Reached XP level 4. HP: 40/41 MP: 3/3
  2225 | D:3      | Found a runed translucent gate.
  2225 | D:3      | Found a runed translucent gate.
  2225 | D:3      | Found a runed translucent gate.
  2270 | D:3      | Reached skill level 5 in Axes
  2300 | D:3      | Reached XP level 5. HP: 42/47 MP: 4/4
  2484 | D:3      | Noticed Ijyb
  2498 | D:3      | Killed Ijyb
  2499 | D:3      | Reached skill level 5 in Fighting
  2723 | D:3      | Noticed Oxelix's ghost (amateur DEFE)
  3297 | D:3      | Reached skill level 6 in Axes
  3433 | D:4      | Noticed Edmund
  3443 | D:4      | Slain by Edmund

Illustrated notes

Levels and vault maps discovered:
D:1:      nagdon_arrival_double_spiral, layout_basic
D:2:      layout_basic, serial_shops, nicolae_shop_statue_plus,
          chequers_ecumenical_altar_simple_redux, kennysheep_cross_bottleneck,
          minmay_unequal
D:3:      layout_loops_corners, gammafunk_ghost_icy, uniq_ijyb
D:4:      layout_loops_ring, mainiacjoe_overflow_alcove_2,
          minmay_misc_feat_four_crosses, minmay_goblin_kobold_house,
          uniq_blork_the_orc, uniq_edmund

Skill      XL: |  1  2  3  4  5 |
---------------+----------------+-----
Axes           | 3 4 5 6 |  6.2
Fighting       | 4 5 |  5.3
Armour         | |  3.6
Shields        | |  3.6

Action                   |  1- 3 |  4- 6 || total
-------------------------+-------+-------++-------
Melee: War axe           |    63 |    67 ||   130
       Headbutt          |    10 |     7 ||    17
  Use: Potion            |       |     1 ||     1
Armor: Scale mail        |    34 |     1 ||    35
       Plate armour      |       |    42 ||    42
Dodge: Dodged            |    23 |    14 ||    37
Block: Buckler           |    15 |    19 ||    34
